Cogmind - Beta 14 @@@ ROGUE MODE // 2024.08.15 @ 19:45:08 Player: Jezoensis Result: Self-destructed Performance ------------- Evolutions (3) 1500 Regions Visited (13) 2600 Robots Destroyed (118) 590 Value Destroyed (4113) 4113 Prototype IDs (27) 540 Alien Tech Used (0) 0 Bonus (2417) 2417 TOTAL SCORE: 11760 Bonus ------- High Alert Combat Kills 302 Follower Combat Kills 35 Entered Garrisons 400 Used RIF Installer 1500 Aligned with FarCom 300 Friendly Fire -120 Cogmind --------- Core Integrity 408/700 Matter 132/300 Energy 99/100 System Corruption 20% Temperature Cool (0) Movement Core (50) Location -7/Factory Parts ------- > --- POWER (1) -------- (None) > --- PROPULSION (3) --- Light Treads Improved Aluminum Leg > --- UTILITY (5) ------ Advanced Visual Processing Unit Improved Terrain Scan Processor Improved Utility Shielding Hacking Suite > --- WEAPON (4) ------- (None) > --- INVENTORY (5) ---- High-capacity Matter Pod (0) Improved Terrain Scanner Improved Weapon Cycler Transmission Jammer Cooled Particle Cannon Peak State ------------ > --- POWER ------------ Heavy Ion Engine > --- PROPULSION ------- Armored Wheel Armored Wheel Armored Wheel > --- UTILITY ---------- Huge Storage Unit Improved Terrain Scan Processor Improved Weapon Cycler Transmission Jammer Hardened Medium Armor Plating > --- WEAPON ----------- Enhanced Autogun Enhanced Autogun Gauss Rifle Mass Driver > --- INVENTORY -------- Improved Ion Engine Light Treads Light Treads Armored Wheel Cryofiber Web Improved Heat Sink Advanced Heat Sink Disposable Heat Sink High-capacity Storage Unit High-capacity Matter Pod High-capacity Matter Pod Improved Terrain Scanner Seismic Detector Transmission Jammer Hardened Medium Armor Plating Heavy Laser Heavy Laser Advanced Plasma Cannon Enhanced Autogun Gauss Rifle Remote Datajack Katana [Rating: 50] Favorites ----------- Power Ion Engine Engine Ion Engine Power Core Light Nuclear Core Propulsion Armored Wheel Treads Light Treads Leg Improved Aluminum Leg Wheel Armored Wheel Utility Improved Terrain Scan Processor Device Improved Terrain Scanner Storage High-capacity Storage Unit Processor Improved Terrain Scan Processor Hackware Hacking Suite Protection Hardened Medium Armor Plating Weapon Gauss Rifle Energy Gun Heavy Laser Energy Cannon Cooled Particle Cannon Ballistic Gun Gauss Rifle Ballistic Cannon Assault Cannon Launcher Shock Bomb Launcher Special Weapon Remote Datajack Slashing Weapon Katana Build | -11 -10 -10 -9 -9 -9 -8 -8 -8 -8 -8 -7 -7 -7 ------- Run | Yrd Mat Min Mat Min Exi Min Mat Gar Mat Gar Fac Was Fac Slots Evolved 6 | . . . 2 . . . 2 . . . 2 . . Power . | . . . . . . . . . . . . . . Propulsion 1 | . . . . . . . . . . . 1 . . Utility 3 | . . . 1 . . . 1 . . . 1 . . Weapon 2 | . . . 1 . . . 1 . . . . . . Parts Attached 222 | 8 15 6 17 24 . 7 34 40 18 19 15 8 11 Power 10 | 1 1 . . 2 . . 2 3 1 . . . . Engine 8 | 1 1 . . 2 . . 2 1 1 . . . . Core 2 | . . . . . . . . 2 . . . . . Reactor . | . . . . . . . . . . . . . . Propulsion 57 | 2 6 2 4 6 . 4 13 5 . 4 2 3 6 Treads 17 | . 3 1 2 1 . . . 3 . 2 1 . 4 Leg 12 | . . . . 2 . 2 6 . . . . . 2 Wheel 28 | 2 3 1 2 3 . 2 7 2 . 2 1 3 . Hover . | . . . . . . . . . . . . . . Flight . | . . . . . . . . . . . . . . Utility 95 | 3 5 . 5 7 . 2 8 23 11 11 10 5 5 Device 58 | 2 4 . 3 4 . 2 4 16 6 6 5 4 2 Storage 10 | 1 . . 2 2 . . . 3 . 1 . 1 . Processor 6 | . . . . 1 . . 2 1 . . 1 . 1 Hackware 8 | . 1 . . . . . . 1 2 1 2 . 1 Protection 13 | . . . . . . . 2 2 3 3 2 . 1 Artifact . | . . . . . . . . . . . . . . Weapon 60 | 2 3 4 8 9 . 1 11 9 6 4 3 . . Energy Gun 16 | . 1 . 1 4 . 1 3 4 1 . 1 . . Energy Cannon 2 | . . . . . . . 1 1 . . . . . Ballistic Gun 24 | 2 1 2 2 2 . . 7 4 3 1 . . . Ballistic Cannon 6 | . . . 3 1 . . . . . 1 1 . . Launcher 6 | . . 2 2 2 . . . . . . . . . Special Weapon 4 | . 1 . . . . . . . 2 1 . . . Impact Weapon . | . . . . . . . . . . . . . . Slashing Weapon 2 | . . . . . . . . . . 1 1 . . Piercing Weapon . | . . . . . . . . . . . . . . Special Melee Weapon . | . . . . . . . . . . . . . . Unidentified Prototypes 3 | . . . 1 . . . 1 . 1 . . . . Parts Lost 40 | . 2 2 . 10 . 1 5 9 1 1 . 8 1 Power 5 | . 1 . . 1 . . 1 2 . . . . . Propulsion 11 | . . 1 . 3 . 1 1 1 . . . 3 1 Utility 5 | . . . . 1 . . . . 1 1 . 2 . Weapon 19 | . 1 1 . 5 . . 3 6 . . . 3 . Highest Loss Streak 9 | . 2 2 . 9 . 1 3 8 1 1 . 8 1 To Critical Strikes 1 | . . . . . . . . . . . . 1 . Average Slot Usage (%) 96 | . 99 99 97 93 100 100 99 99 99 100 99 90 42 Engine 8 | . 13 14 11 8 11 11 9 5 9 9 7 6 . Treads 2 | . 4 2 1 . . . . 1 . 1 5 . 9 Wheel 17 | . 23 24 20 18 22 12 15 15 18 16 16 21 . Device 9 | . 8 . 10 10 11 11 7 8 8 15 15 20 4 Storage 9 | . 14 14 11 9 11 11 9 9 9 9 7 6 . Processor 9 | . . . . 7 11 11 16 17 9 . 6 7 10 Hackware 3 | . 5 14 11 3 . . . . 3 3 1 . 6 Protection 2 | . . . . . . . 3 1 4 7 6 . 3 Energy Gun 10 | . 12 . . 12 22 22 18 16 12 . 4 . . Ballistic Gun 15 | . 13 15 2 9 11 11 16 18 21 29 23 19 . Ballistic Cannon 1 | . . . 16 2 . . . . . 2 1 . . Launcher 1 | . . 11 11 7 . . . . . . . . . Peak Build Rating 50 | 9 11 11 21 20 21 24 37 40 41 46 50 47 23 Average Rating 27 | 5 10 9 18 18 20 22 30 34 39 40 46 37 16 On Entrance 22 | . 9 11 10 17 20 21 24 33 38 39 38 47 4 Naked Turns . | . . . . . . . . . . . . . . Heaviest Build 117 | 13 15 14 55 58 55 58 68 104 112 117 117 109 3 Greatest Support 40 | 20 40 26 26 26 20 20 24 24 24 24 36 36 3 Greatest Overweight (x) 9 | . . . 2 2 2 2 5 5 4 9 4 4 . Average Overweight (x) 1 | . . . . 1 2 2 2 3 4 4 3 . . Largest Inventory Capacity 25 | 8 8 8 20 20 20 20 20 25 25 25 25 25 5 Average Capacity 18 | 7 8 8 10 17 20 20 20 22 25 25 25 18 5 Most Carried 25 | 7 8 8 11 12 13 15 20 25 25 24 25 25 5 Average Carried 16 | 4 7 7 8 8 12 13 18 21 24 23 23 18 4 Final Capacity 25 | 8 8 8 20 20 20 20 20 25 25 25 25 5 5 Final Carried 25 | 7 8 8 11 12 13 15 20 25 23 24 25 5 5 Class Distribution -------------------- 51% | Scavenger-Skirmisher 18% | Mutant 13% | Skirmisher 7% | Scavenger-Gunner 3% | Scavenger-Mutant 3% | Assassin Dominant Class ---------------- Mutant | -10/Materials Mutant | -10/Mines Scavenger-Gunner | -9/Materials Scavenger-Gunner | -9/Mines Scavenger-Skirmisher | -9/Exiles Scavenger-Skirmisher | -8/Mines Scavenger-Skirmisher | -8/Materials Scavenger-Skirmisher | -8/Garrison Skirmisher | -8/Materials Skirmisher | -8/Garrison Skirmisher | -7/Factory Assassin | -7/Waste Mutant | -7/Factory Resources | -11 -10 -10 -9 -9 -9 -8 -8 -8 -8 -8 -7 -7 -7 ----------- Run | Yrd Mat Min Mat Min Exi Min Mat Gar Mat Gar Fac Was Fac Matter Collected 3644 | 298 202 82 304 557 . 77 360 748 257 324 235 . 200 Remotely . | . . . . . . . . . . . . . . Salvage Created 4169 | 89 368 45 467 313 . 167 610 1213 351 209 337 . . Parts 238 | 9 20 19 29 21 . 5 34 51 16 17 17 . . Haulers Intercepted 4 | . 1 . 3 . . . . . . . . . . Recyclers Shooed 5 | 1 . . . . . 1 . . 1 . 2 . . Parts Field Recycled . | . . . . . . . . . . . . . . Retrieved Matter . | . . . . . . . . . . . . . . Parts Self-Destructed . | . . . . . . . . . . . . . . Prevented . | . . . . . . . . . . . . . . Kills | -11 -10 -10 -9 -9 -9 -8 -8 -8 -8 -8 -7 -7 -7 ------- Run | Yrd Mat Min Mat Min Exi Min Mat Gar Mat Gar Fac Was Fac Combat Hostiles Destroyed 95 | . 9 9 9 15 . 3 11 24 4 9 2 . . Guns 66 | . 9 . . 6 . 3 10 23 4 9 2 . . Cannons 10 | . . . 5 4 . . . 1 . . . . . AOE 18 | . . 9 4 5 . . . . . . . . . Classes Destroyed 15 | 2 5 1 1 2 . . 1 2 . 1 . . . Worker 7 | . . 1 1 1 . . 2 . 1 . 1 . . Tunneler 5 | 2 . 1 . 1 . . 1 . . . . . . Hauler 4 | . 1 . 3 . . . . . . . . . . Recycler 7 | 1 . . . 1 . . . . 1 . 4 . . Operator 3 | . 1 . . . . . . . . . 2 . . Watcher 3 | . 2 . 1 . . . . . . . . . . Swarmer 28 | . 3 9 2 6 . . . . . 6 2 . . Grunt 41 | . 6 . 3 . . 3 7 17 4 1 . . . Brawler 3 | . . . . . . . . 2 . 1 . . . Duelist 1 | . . . . . . . . . . 1 . . . Sentry 8 | . . . 4 . . . 2 2 . . . . . Demolisher 2 | . . . . 2 . . . . . . . . . Hunter 4 | . . . . . . . 2 1 1 . . . . Programmer 2 | . . . . . . . . 2 . . . . . Assembled 7 | . . . . 7 . . . . . . . . . Best Kill Streak 6 | 2 4 4 4 6 . 3 5 6 3 3 2 . . Combat Bots Only 6 | . 4 3 3 5 . 3 4 6 3 3 2 . . Max Kills in Single Turn 2 | 1 1 2 2 1 . 1 2 1 2 1 1 . . Gunslinging . | . . . . . . . . . . . . . . Exploded 2 | . . 2 1 1 . . . . . . . . . Melee . | . . . . . . . . . . . . . . Uniques/NPCs Destroyed . | . . . . . . . . . . . . . . Combat | -11 -10 -10 -9 -9 -9 -8 -8 -8 -8 -8 -7 -7 -7 -------- Run | Yrd Mat Min Mat Min Exi Min Mat Gar Mat Gar Fac Was Fac Hostile Shots Fired 528 | . 76 23 41 49 . 26 65 110 16 30 5 5 82 Missed 158 | . 15 7 17 14 . 7 20 27 8 7 2 . 34 Damage Taken 5597 | . 738 166 317 841 . 318 714 1344 119 242 43 243 512 Core 1066 | . 118 33 . 202 . 67 138 171 31 14 . 89 203 Absorbed by Shields 25 | . . . . . . . . . . 25 . . . Redirected to Shielding 13 | . . . . . . . . . . . . . 13 Core Remaining (%) 51 | 100 . 39 . . . 32 . . . 35 . . . Volleys Fired 281 | 14 53 11 28 32 . 12 29 47 20 21 14 . . Largest 4 | 2 2 2 2 3 . 3 4 4 4 4 4 . . Hottest 194 | 40 100 40 88 149 . 115 192 194 194 135 147 . . Shots Fired 731 | 28 101 15 49 54 . 36 106 165 46 81 50 . . Gun 609 | 28 97 8 . 31 . 36 103 150 36 75 45 . . Cannon 83 | . . . 42 13 . . 3 15 . 5 5 . . Launcher 24 | . . 7 7 10 . . . . . . . . . Special 15 | . 4 . . . . . . . 10 1 . . . Kinetic 455 | 28 62 8 42 25 . 12 47 89 18 80 44 . . Thermal 241 | . 39 . . 19 . 24 59 76 18 . 6 . . Explosive 13 | . . 7 1 5 . . . . . . . . . Electromagnetic 11 | . . . 6 5 . . . . . . . . . Robot Hit Streak 26 | 5 10 4 6 7 . 13 12 26 18 9 8 . . Robot Miss Streak 6 | 1 6 1 5 2 . 5 3 3 4 6 3 . . Penetration Max 1 | . . . . . . . 1 1 . . 1 . . Secondary Targets 17 | . 3 . . . . 1 4 7 . 2 . . . Max Gunslinging Chain 1 | . 1 . . . . 1 1 1 . 1 . . . Shots Hit Robots 447 | 16 58 7 25 29 . 26 76 113 28 40 29 . . Core Hits 203 | 7 26 13 16 21 . 10 29 49 9 11 12 . . Critical Kills 2 | . 1 . . . . . . . . 1 . . . Critical Parts Destroyed 2 | . . . . . . . . 1 . 1 . . . Critical Strikes 11 | . 1 . 2 2 . . 1 3 . 2 . . . Burn 4 | . . . . 1 . . 1 2 . . . . . Destroy 4 | . 1 . . . . . . 1 . 2 . . . Blast 3 | . . . 2 1 . . . . . . . . . Melee Attacks 4 | . . . . . . . . . . 1 3 . . Impact . | . . . . . . . . . . . . . . Slashing 4 | . . . . . . . . . . 1 3 . . Piercing . | . . . . . . . . . . . . . . Sneak Attacks 2 | . . . . . . . . . . . 2 . . Combat Hostiles . | . . . . . . . . . . . . . . Follow-up Attacks . | . . . . . . . . . . . . . . Damage Inflicted 9347 | 140 625 581 944 834 . 348 1526 2416 389 830 714 . . Guns 6533 | 140 625 41 . 267 . 348 1526 2086 389 667 444 . . Cannons 1438 | . . . 570 233 . . . 330 . 163 142 . . Explosions 1248 | . . 540 374 334 . . . . . . . . . Melee 128 | . . . . . . . . . . . 128 . . Ramming . | . . . . . . . . . . . . . . Kinetic 4877 | 140 305 41 570 276 . 58 678 1245 185 830 549 . . Thermal 3094 | . 320 . . 224 . 290 848 1171 204 . 37 . . Explosive 728 | . . 540 47 141 . . . . . . . . . Electromagnetic 520 | . . . 327 193 . . . . . . . . . Impact . | . . . . . . . . . . . . . . Slashing 128 | . . . . . . . . . . . 128 . . Piercing . | . . . . . . . . . . . . . . Highest Corruption 22 | . . . . . . . . . . 5 . 22 22 Average Corruption 13 | . . . . . . . . . . 5 . 12 20 Corruption Purged 7 | . . . . . . . . . . . . . 7 Corruption Blocked . | . . . . . . . . . . . . . . Effects 30 | . . . . . . . . . . 3 . 12 15 Message Errors 7 | . . . . . . . . . . 1 . 3 3 Matter Fused 2 | . . . . . . . . . . . . 1 1 Heat Flow Errors 4 | . . . . . . . . . . . . . 4 Energy Discharges 4 | . . . . . . . . . . . . 4 . Parts Rejected 1 | . . . . . . . . . . . . 1 . Data Loss (minor) 3 | . . . . . . . . . . 2 . . 1 Data Loss (major) 3 | . . . . . . . . . . . . . 3 Misdirections 6 | . . . . . . . . . . . . 3 3 Overload Shots 5 | . . . . . . . 3 2 . . . . . Effects 1 | . . . . . . . 1 . . . . . . Heat Surge 1 | . . . . . . . 1 . . . . . . Overflow Damage 109 | . . 29 4 9 . . . . . 21 46 . . Projectiles 46 | . . . 4 3 . . . . . 21 18 . . Explosions 35 | . . 29 . 6 . . . . . . . . . Melee 28 | . . . . . . . . . . . 28 . . Knockbacks 6 | . . . 1 3 . . . . . 1 1 . . Impact . | . . . . . . . . . . . . . . Kinetic 6 | . . . 1 3 . . . . . 1 1 . . Secondary . | . . . . . . . . . . . . . . Self-Inflicted Damage 91 | . . 38 . 53 . . . . . . . . . Shots 6 | . . 2 . 4 . . . . . . . . . Rammed . | . . . . . . . . . . . . . . Targets Rammed . | . . . . . . . . . . . . . . Kicked . | . . . . . . . . . . . . . . Crushed . | . . . . . . . . . . . . . . Highest Temperature 336 | . 160 . 54 108 . 217 331 309 196 336 237 . 241 Average Temperature 94 | . 33 . 19 40 . 128 147 88 78 135 89 . 88 Received Heat Transfer 1821 | . 390 . 117 . . 189 288 666 18 6 . . 147 Siege Activations . | . . . . . . . . . . . . . . Robots Corrupted . | . . . . . . . . . . . . . . Combat Hostiles . | . . . . . . . . . . . . . . Parts Fried 1 | . . . 1 . . . . . . . . . . Impact Corruptions . | . . . . . . . . . . . . . . Robots Melted 1 | . . . . . . . 1 . . . . . . Combat Hostiles 1 | . . . . . . . 1 . . . . . . Parts Melted 10 | . . . . . . 1 7 2 . . . . . Heat Transferred 6295 | . 777 . . 481 . 608 1728 2257 370 . 74 . . Parts Sabotaged . | . . . . . . . . . . . . . . Parts Stolen . | . . . . . . . . . . . . . . Parts Stripped . | . . . . . . . . . . . . . . Power Chain Reactions . | . . . . . . . . . . . . . . Alert | -11 -10 -10 -9 -9 -9 -8 -8 -8 -8 -8 -7 -7 -7 ------- Run | Yrd Mat Min Mat Min Exi Min Mat Gar Mat Gar Fac Was Fac Peak Influence 916 | 15 330 346 534 309 . 90 373 916 497 257 251 99 152 Initial 446 | . 9 84 134 208 . . 35 112 446 . 134 87 21 Average 323 | 4 199 237 355 222 . 63 153 601 376 168 192 80 53 Maximum Alert Level 3 | . 1 1 2 1 . . 1 3 2 1 1 . . Low Security (%) 38 | 100 49 30 21 35 . 100 71 8 14 42 63 100 100 Level 1 30 | . 50 69 26 64 . . 28 13 20 57 36 . . Level 2 19 | . . . 51 . . . . 37 64 . . . . Level 3 12 | . . . . . . . . 41 . . . . . Level 4 . | . . . . . . . . . . . . . . Level 5 . | . . . . . . . . . . . . . . High Security . | . . . . . . . . . . . . . . Max Security . | . . . . . . . . . . . . . . Squads Dispatched 14 | . 3 . 3 . . . 4 . 1 . . . 3 Investigation 7 | . 3 . 2 . . . . . . . . . 2 Extermination . | . . . . . . . . . . . . . . Reinforcement 5 | . . . 1 . . . 3 . . . . . 1 Assault . | . . . . . . . . . . . . . . Garrison 2 | . . . . . . . 1 . 1 . . . . Intercept . | . . . . . . . . . . . . . . Searches Triggered . | . . . . . . . . . . . . . . Construction Impeded 1 | . . . . . . . 1 . . . . . . Haulers Reinforced . | . . . . . . . . . . . . . . Active Scanning Responses . | . . . . . . . . . . . . . . Cargo Convoy Interrupts . | . . . . . . . . . . . . . . Stealth | -11 -10 -10 -9 -9 -9 -8 -8 -8 -8 -8 -7 -7 -7 --------- Run | Yrd Mat Min Mat Min Exi Min Mat Gar Mat Gar Fac Was Fac Distress Signals 7 | . . . 1 . . . 3 . 2 . . . 1 Communications Jammed . | . . . . . . . . . . . . . . Distress Signals . | . . . . . . . . . . . . . . Times Spotted 159 | . 20 9 17 23 . 4 21 25 9 11 6 6 8 Peak Tracking Total 10 | . 5 3 6 10 . 3 4 5 3 5 4 6 7 Tactical Retreats 11 | . 2 . 1 2 . . . . . 1 1 . 4 Traps | -11 -10 -10 -9 -9 -9 -8 -8 -8 -8 -8 -7 -7 -7 ------- Run | Yrd Mat Min Mat Min Exi Min Mat Gar Mat Gar Fac Was Fac Traps Triggered 17 | . 1 . 3 . . . . 3 . 2 1 . 7 Indirectly 3 | . . . 3 . . . . . . . . . . Trap Hack Attempts . | . . . . . . . . . . . . . . Triggered . | . . . . . . . . . . . . . . Disarmed . | . . . . . . . . . . . . . . Reprogrammed . | . . . . . . . . . . . . . . Reused . | . . . . . . . . . . . . . . Traps Extracted . | . . . . . . . . . . . . . . Installed . | . . . . . . . . . . . . . . Triggered . | . . . . . . . . . . . . . . Machines | -11 -10 -10 -9 -9 -9 -8 -8 -8 -8 -8 -7 -7 -7 ---------- Run | Yrd Mat Min Mat Min Exi Min Mat Gar Mat Gar Fac Was Fac Machines Disabled 8 | . 1 . 1 . . . 1 5 . . . . . Max in Single Turn 2 | . 1 . 1 . . . 1 2 . . . . . Garrison Relay 3 | . . . . . . . . 3 . . . . . Phase Generator 1 | . . . . . . . . 1 . . . . . Machines Repaired . | . . . . . . . . . . . . . . Machines Dismantled . | . . . . . . . . . . . . . . Machines Sabotaged . | . . . . . . . . . . . . . . Overloaded Fab Kills . | . . . . . . . . . . . . . . Hacking | -11 -10 -10 -9 -9 -9 -8 -8 -8 -8 -8 -7 -7 -7 --------- Run | Yrd Mat Min Mat Min Exi Min Mat Gar Mat Gar Fac Was Fac Machines Accessed 25 | . 7 . 3 . 1 . 4 2 3 . 3 . 2 Terminals 18 | . 5 . 3 . . . 3 2 2 . 2 . 1 Fabricators 1 | . . . . . . . . . . . 1 . . Repair Stations . | . . . . . . . . . . . . . . Recycling Units 3 | . 2 . . . . . . . . . . . 1 Scanalyzers . | . . . . . . . . . . . . . . Garrison Access 2 | . . . . . . . 1 . 1 . . . . Total Hacks 65 | . 15 . 12 . 1 . 15 3 6 . 6 . 7 Successful 32 | . 11 . 6 . 1 . 7 2 4 . . . 1 Failed 33 | . 4 . 6 . . . 8 1 2 . 6 . 6 Catastrophic 5 | . . . . . . . 2 . 1 . 2 . . Database Lockouts . | . . . . . . . . . . . . . . Manual 55 | . 13 . 10 . 1 . 14 . 4 . 6 . 7 Terminals 57 | . 13 . 12 . . . 14 3 5 . 5 . 5 Fabricators 1 | . . . . . . . . . . . 1 . . Repair Stations . | . . . . . . . . . . . . . . Recycling Units 4 | . 2 . . . . . . . . . . . 2 Scanalyzers . | . . . . . . . . . . . . . . Garrison Access 2 | . . . . . . . 1 . 1 . . . . Terminal Hacks 14 | . 5 . 2 . 1 . 2 2 2 . . . . Robot Analysis 6 | . 3 . 1 . . . 2 . . . . . . Emergency Access Points 1 | . . . . . . . . 1 . . . . . Unreport Threat 1 | . . . . . . . . . 1 . . . . Locate Traps 4 | . 2 . 1 . . . . . 1 . . . . Garrison Registry 1 | . . . . . . . . 1 . . . . . Derelict Proto ID Bank 1 | . . . . . 1 . . . . . . . . Fabricator Hacks . | . . . . . . . . . . . . . . Repair Station Hacks . | . . . . . . . . . . . . . . Recycling Unit Hacks . | . . . . . . . . . . . . . . Scanalyzer . | . . . . . . . . . . . . . . Garrison Access Hacks 2 | . . . . . . . 1 . 1 . . . . Unlock Access 2 | . . . . . . . 1 . 1 . . . . Unauthorized Hacks 16 | . 6 . 4 . . . 4 . 1 . . . 1 Terminals 13 | . 4 . 4 . . . 4 . 1 . . . . Track 5 | . 2 . 2 . . . 1 . . . . . . Botnet 6 | . 2 . 2 . . . 2 . . . . . . Operators 2 | . . . . . . . 1 . 1 . . . . Fabricators . | . . . . . . . . . . . . . . Repair Stations . | . . . . . . . . . . . . . . Recycling Units 3 | . 2 . . . . . . . . . . . 1 Recyclers 1 | . . . . . . . . . . . . . 1 Tunnel 2 | . 2 . . . . . . . . . . . . Scanalyzers . | . . . . . . . . . . . . . . Garrison Access . | . . . . . . . . . . . . . . Data Cores Recovered 3 | . 1 . . . . . . . . . 2 . . Used 2 | . 1 . . . . . . . . . 1 . . Hacking Detections 20 | . 5 . 3 . . . 3 2 2 . 3 . 2 Full Trace Events 5 | . 2 . 2 . . . . . . . . . 1 Feedback Events . | . . . . . . . . . . . . . . Feedback Blocked . | . . . . . . . . . . . . . . Robot Schematics Acquired . | . . . . . . . . . . . . . . Robots Built . | . . . . . . . . . . . . . . Authchips . | . . . . . . . . . . . . . . Time . | . . . . . . . . . . . . . . Total Robot Build Rating . | . . . . . . . . . . . . . . Part Schematics Acquired . | . . . . . . . . . . . . . . Parts Built . | . . . . . . . . . . . . . . Authchips . | . . . . . . . . . . . . . . Time . | . . . . . . . . . . . . . . Total Part Build Rating . | . . . . . . . . . . . . . . Parts Repaired . | . . . . . . . . . . . . . . Time . | . . . . . . . . . . . . . . Parts Recycled . | . . . . . . . . . . . . . . Recycled Matter . | . . . . . . . . . . . . . . Retrieved Matter . | . . . . . . . . . . . . . . Retrieved Components . | . . . . . . . . . . . . . . Parts Scanalyzed . | . . . . . . . . . . . . . . Part Schematics Acquired . | . . . . . . . . . . . . . . Parts Damaged . | . . . . . . . . . . . . . . Bothacking | -11 -10 -10 -9 -9 -9 -8 -8 -8 -8 -8 -7 -7 -7 ------------ Run | Yrd Mat Min Mat Min Exi Min Mat Gar Mat Gar Fac Was Fac Used RIF Installer 3 | . . . . . . . . 1 . 2 . . . Threat Obfuscator 1 | . . . . . . . . . . 1 . . . Autooverride 1 | . . . . . . . . . . 1 . . . Robots Hacked 8 | . . . . . . . . . 7 1 . . . Non-combat 3 | . . . . . . . . . 3 . . . . Combat 5 | . . . . . . . . . 4 1 . . . Robot Hacks Applied 10 | . . . . . . . . . 9 1 . . . drop_inventory 2 | . . . . . . . . . 2 . . . . purge_threat 2 | . . . . . . . . . 2 . . . . block_reporting 1 | . . . . . . . . . 1 . . . . disrupt_area 1 | . . . . . . . . . 1 . . . . overwrite_iff 3 | . . . . . . . . . 3 . . . . formatsys_high 1 | . . . . . . . . . . 1 . . . Relay Couplers Released 12 | . . . . . . . . 12 . . . . . Machine Destruction 12 | . . . . . . . . 12 . . . . . Attached 3 | . . . . . . . . . 2 1 . . . Fabnet Peak Effective % . | . . . . . . . . . . . . . . Robots Rewired . | . . . . . . . . . . . . . . Allies Hacked . | . . . . . . . . . . . . . . Hacks Repelled . | . . . . . . . . . . . . . . Allies | -11 -10 -10 -9 -9 -9 -8 -8 -8 -8 -8 -7 -7 -7 -------- Run | Yrd Mat Min Mat Min Exi Min Mat Gar Mat Gar Fac Was Fac Total Allies 4 | . . . . . . . . . 3 1 . . . Largest Group 1 | . . . . . . . . . 1 1 . . . Highest-Rated Group 16 | . . . . . . . . . 16 15 . . . Highest-Rated Ally 16 | . . . . . . . . . 16 15 . . . Total Orders . | . . . . . . . . . . . . . . Ally Attacks 14 | . . . . . . . . . 11 3 . . . Total Damage 233 | . . . . . . . . . 170 63 . . . Kills 1 | . . . . . . . . . . 1 . . . Allies Corrupted . | . . . . . . . . . . . . . . Allies Melted 1 | . . . . 1 . . . . . . . . . Intel | -11 -10 -10 -9 -9 -9 -8 -8 -8 -8 -8 -7 -7 -7 ------- Run | Yrd Mat Min Mat Min Exi Min Mat Gar Mat Gar Fac Was Fac Robot Analysis Total 6 | . 3 . 1 . . . 2 . . . . . . Derelict Logs Recovered 1 | . . 1 . . . . . . . . . . . Drone Launches . | . . . . . . . . . . . . . . Drone Recoveries . | . . . . . . . . . . . . . . Exploration | -11 -10 -10 -9 -9 -9 -8 -8 -8 -8 -8 -7 -7 -7 ------------- Run | Yrd Mat Min Mat Min Exi Min Mat Gar Mat Gar Fac Was Fac Turns Passed 6187 | 97 570 265 394 620 268 81 480 1733 453 401 354 221 250 Spaces Moved 4246 | 58 427 252 254 417 242 30 254 1019 245 201 191 195 461 Core 487 | 17 . . . . . . . . . . . 9 461 Treads 12 | . 12 . . . . . . . . . . . . Legs 44 | . . . . 44 . . . . . . . . . Wheels 3703 | 41 415 252 254 373 242 30 254 1019 245 201 191 186 . Hover . | . . . . . . . . . . . . . . Flight . | . . . . . . . . . . . . . . Fastest Speed 50 | 50 80 90 90 80 110 110 110 120 150 150 120 50 50 Average Speed 114 | 71 90 91 102 116 110 110 118 143 150 150 145 103 50 Slowest Speed 225 | 80 160 100 120 120 110 110 165 165 150 225 150 150 50 Overloaded Moves . | . . . . . . . . . . . . . . Propulsion Burnouts . | . . . . . . . . . . . . . . Robots Hopped . | . . . . . . . . . . . . . . Cave-ins Triggered . | . . . . . . . . . . . . . . Exploration Rate (%) 44 | 3 76 83 33 69 65 8 37 90 24 34 7 82 18 Regions Visited 13 Branch Regions 4 Pre-discovered Areas 3 | . 2 1 . . . . . . . . . . . Known Exits Taken 2 | . . . . . . . 1 . 1 . . . . Unknown Exits Taken 7 | 1 1 1 1 1 1 1 . . . . . . . Scrap Searched 2 | . . 1 . . . 1 . . . . . . . Spaces Dug 13 | . 2 8 . . . . 1 1 . . 1 . . Terrain Destroyed 178 | . 4 38 22 34 . . 3 75 1 . 1 . . Melee 1 | . . . . . . . . . . . 1 . . Projectile 22 | . 4 . 13 . . . 3 1 1 . . . . AOE 155 | . . 38 9 34 . . . 74 . . . . . Terrain Rammed . | . . . . . . . . . . . . . . Walls Destroyed . | . . . . . . . . . . . . . . Machines Disabled . | . . . . . . . . . . . . . . Actions | -11 -10 -10 -9 -9 -9 -8 -8 -8 -8 -8 -7 -7 -7 --------- Run | Yrd Mat Min Mat Min Exi Min Mat Gar Mat Gar Fac Was Fac Total 5038 | 88 510 271 341 498 244 51 368 1179 300 259 239 214 476 Wait 63 | . 1 1 16 10 . . 8 8 2 3 8 6 . Move 4232 | 57 426 251 253 416 241 29 253 1017 244 199 191 194 461 Hop . | . . . . . . . . . . . . . . Pick Up 109 | 8 8 1 12 9 2 2 22 27 7 3 5 . 3 Fast Attach 43 | 6 1 1 4 6 . 1 8 4 2 . . 1 9 Attach 49 | 2 2 2 5 11 . 1 8 6 3 1 4 2 2 Detach 17 | 1 1 1 1 4 . 1 4 . 1 . 2 1 . Swap 130 | . 12 3 8 7 . 5 18 30 13 18 11 5 . Drop 74 | . 6 . 14 3 1 . 18 16 8 1 1 5 1 Fire 281 | 14 53 11 28 32 . 12 29 47 20 21 14 . . Melee 4 | . . . . . . . . . . 1 3 . . Ram . | . . . . . . . . . . . . . . Kick . | . . . . . . . . . . . . . . Crush . | . . . . . . . . . . . . . . Escape Stasis 36 | . . . . . . . . 24 . 12 . . . Rewire . | . . . . . . . . . . . . . . Trap . | . . . . . . . . . . . . . . Miscellaneous . | . . . . . . . . . . . . . . Route ------- -11/Scrapyard -10/Materials (discovered 3 exits: *Mat x2 / [*Min]) -10/Mines -9/Materials -9/Mines (discovered 3 exits: *Mat x2 / *Exi) -9/Exiles (discovered 2 exits: [*Min x2]) -8/Mines -8/Materials -8/Garrison (discovered 3 exits: *Mat x3) -8/Materials -8/Garrison -7/Factory -7/Waste -7/Factory (discovered 1 exit: [*Sto]) History --------- Turn | Location | Event 11 | -11/Scrapyard | Discovered new exit (range 15) 98 | -11/Scrapyard | Entered Materials 318 | -10/Materials | Build established: Mutant 467 | -10/Materials | Discovered new exit (range 3) 533 | -10/Materials | Discovered new exit (range 8) 649 | -10/Materials | Discovered new exit (range 9) 668 | -10/Materials | Entered Mines 671 | -10/Mines | Core integrity fell below 50% 900 | -10/Mines | Discovered new exit (range 9) 919 | -10/Mines | Learned location of Mines (-9) 933 | -10/Mines | Entered Materials 933 | -9/Materials | Evolved 2 slots: Utility x1, Weapon x1 1237 | -9/Materials | Discovered new exit (range 10) 1327 | -9/Materials | Entered Mines 1356 | -9/Mines | Met a Derelict bent on vengeance 1376 | -9/Mines | Discovered new exit (range 11) 1618 | -9/Mines | Assembled infested the area 1623 | -9/Mines | Assisted by a Guerilla fighting off Assembled 1727 | -9/Mines | Lost 9 parts (1p3n1u4w) 1742 | -9/Mines | Discovered new exit (range 7) 1744 | -9/Mines | Core integrity fell below 50% 1943 | -9/Mines | Deemed a non-threat by the Exiles lab entrance 1943 | -9/Mines | Discovered new exit (range 5) 1947 | -9/Mines | Entered Exiles 1962 | -9/Exiles | Discovered new exit (range 15) 1977 | -9/Exiles | Met 8R-AWN 1993 | -9/Exiles | Met EX-HEX 2070 | -9/Exiles | Met EX-BIN 2082 | -9/Exiles | Aligned with FarCom system 2083 | -9/Exiles | Given EX-Vault access code 2108 | -9/Exiles | Opened EX-Vault 2134 | -9/Exiles | Warned to stay clear of 0b10 Research branches 2167 | -9/Exiles | Met EX-DEC 2184 | -9/Exiles | Build established: Scavenger-Skirmisher 2206 | -9/Exiles | Discovered new exit (range 10) 2215 | -9/Exiles | Entered Mines 2279 | -8/Mines | Discovered new exit (range 5) 2296 | -8/Mines | Entered Materials 2296 | -8/Materials | Evolved 2 slots: Utility x1, Weapon x1 2544 | -8/Materials | Lost 3 parts (1p1n1w) 2684 | -8/Materials | Garrison activated, responded to threat 2705 | -8/Materials | Met 7R-MNS 2775 | -8/Materials | Identified exit to Garrison 2776 | -8/Materials | Entered Garrison 2832 | -8/Garrison | Triggered checkpoint 2919 | -8/Garrison | Phase Generator disabled 3046 | -8/Garrison | Triggered checkpoint 3144 | -8/Garrison | Triggered checkpoint 3148 | -8/Garrison | Garrison Relay disabled 3159 | -8/Garrison | Garrison Relay disabled 3218 | -8/Garrison | Lost 8 parts (2p1n5w) 3312 | -8/Garrison | Discovered new exit (range 13) 3370 | -8/Garrison | Triggered checkpoint 3489 | -8/Garrison | Discovered new exit (range 12) 3512 | -8/Garrison | Triggered checkpoint 3635 | -8/Garrison | Found Imp. Powered Armor 3672 | -8/Garrison | Triggered checkpoint 3710 | -8/Garrison | Spotted B-75 Beast 3710 | -8/Garrison | Spotted B-75 Beast 3756 | -8/Garrison | Triggered checkpoint 3761 | -8/Garrison | Core integrity fell below 50% 3875 | -8/Garrison | Discovered new exit (range 7) 4134 | -8/Garrison | Triggered checkpoint 4142 | -8/Garrison | Garrison Relay disabled 4186 | -8/Garrison | Discovered new exit (range 38) 4186 | -8/Garrison | Discovered new exit (range 66) 4186 | -8/Garrison | Discovered new exit (range 22) 4376 | -8/Garrison | Installed Relay Interface Framework 4509 | -8/Garrison | Entered Materials 4734 | -8/Materials | Garrison activated, responded to threat 4958 | -8/Materials | Identified exit to Garrison 4962 | -8/Materials | Entered Garrison 5025 | -8/Garrison | Build established: Skirmisher 5128 | -8/Garrison | Triggered checkpoint 5212 | -8/Garrison | Triggered checkpoint 5263 | -8/Garrison | Expanded RIF knowledge: Threat Obfuscation 5327 | -8/Garrison | Discovered new exit (range 10) 5341 | -8/Garrison | Expanded RIF knowledge: Autooverride 5363 | -8/Garrison | Entered Factory 5363 | -7/Factory | Evolved 2 slots: Propulsion x1, Utility x1 5717 | -7/Factory | Sucked down chute 5717 | -7/Factory | Entered Waste 5730 | -7/Waste | Spotted C-40 Crusher 5732 | -7/Waste | EMP discharged 5748 | -7/Waste | Spotted C-40 Crusher 5766 | -7/Waste | Spotted C-40 Crusher 5809 | -7/Waste | Spotted C-40 Crusher 5819 | -7/Waste | Spotted C-40 Crusher 5832 | -7/Waste | EMP discharged 5832 | -7/Waste | System corruption reached 10% 5899 | -7/Waste | Crushed by Compactor (1 part destroyed, 1 dropped) 5907 | -7/Waste | Crushed by Compactor (1 part destroyed, 1 dropped) 5910 | -7/Waste | Crushed by Compactor (1 part destroyed, 1 dropped) 5913 | -7/Waste | Crushed by Compactor (1 part destroyed, 1 dropped) 5925 | -7/Waste | Spotted C-40 Crusher 5928 | -7/Waste | Discovered new exit (range 15) 5932 | -7/Waste | EMP discharged 5933 | -7/Waste | Crushed by Compactor (1 part destroyed, 1 dropped) 5938 | -7/Waste | Entered Factory 5955 | -7/Factory | Discovered new exit (range 5) 5964 | -7/Factory | Lost 8 parts (3n2u3w) 6188 | -7/Factory | Self-destructed Last Messages --------------- 06115_ T-07 Excavator is excavating. 06121_ System corrupted: Heat flow error (+275). 06133_ W-25 Informer sends out distress signal. 06140_ Triggered Blade Trap. 06140_ Massive razor-sharp blades shoot up from within the floor. 06140_ Adv. Treads severed. 06141_ Acquired Adv. Treads. 06142_ Triggered Blade Trap. 06142_ Massive razor-sharp blades shoot up from within the floor. 06142_ Imp. Aluminum Leg severed. 06142_ Adv. Treads severed. 06143_ Acquired Imp. Aluminum Leg. 06145_ HD#P>5YNBJM1XJK4D:X,BYBZACWFJ3U3 06145_ Acquired Adv. Treads. 06164_ /CN1P&D0M2HQOIIIX15KQF1MENZT8CX YG4S: 06167_ System Restoration Module purges 1% system corruption (21%). 06176_ System Restoration Module purges 1% system corruption (20%). 06176_ System Restoration Module expended. 06183_ System corrupted: Component data lost. 06184_ Adv. Treads destroyed. Map ----- +----------------------------------------------------+ | ?????????????????????????????????????????????????? | | ?????????????????????????????????????????????????? | | ???????????????????????##############????????????? | | ???????????????????????# #????????????? | | ???????????????????????# #????????????? | | ???????????????????????# #????????????? | | ???????????????????????# #????????????? | | ???????????????????????# #????????????? | | ???????????????????????# #????????????? | | ???????????????????????# #????????????? | | ???????????????????????# #???????###### | | ???????????????????????# #??????? | | ???????????????????????? #?????# | | ?????????????????????????? ???????# " " " | | ???????????????????????????? ?????????# " " " | | ???????????????????????????###+###????????# " " " | | ???????????????############# #?######## " " " | | ???????????????# ## # # " " " | | ???????????????# + # """# " " " | | ???????????????# # + """# " " " | | ???????????????# + # """# " " " | | ???????????????# ## # ! # " " " | | ???????????????# ## ########## | | ???????????????# # #???????####+### | | ???????????????# # ############ ### | | ???????????????# @# Y | | ???????????????# + | | ???????????????# # # | | ???????????????# # ############+### | | ???????????????# # #????????? ? | | ???????????????# ### ###???????#!! | | ???????????????############?# #?????????#!! | | ????????????????????????????# #?????????#! | | ????????????????????????????# #?????????# """ | | ????????????????????????????# #?????????# """ | | ????????????????????????????# #?????????# R" | | ????????????????????p???????# #?????????# """ | | ????????????????????????????# +?????????# ! | | ????????????????????????????# ??????????#######? | | ????????????????????????????# ?????????????????? | | ???????????????????????????? ?????????????????? | | ???????????????????????????? ?????????????????? | | ?????????????????????????????? ??????????????????? | | ?????????????????????????????????????????????????? | | ?????????????????????????????????????????????????? | | ?????????????????????????????????????????????????? | | ?????????????????????????????????????????????????? | | ?????????????????????????????????????????????????? | | ?????????????????????????????????????????????????? | | ?????????????????????????????????????????????????? | +----------------------------------------------------+ Best States ------------- Heat Dissipation 69 Energy Generation 18 Energy Capacity 280 Matter Stores 300 Matter Capacity 300 Sight Range 20 Terrain Scan Range 16 Terrain Scan Density 110 Jamming Range 12 Base Temperature (-) 100 Armor Coverage 225 Utility Shielding 66 Weapon Cycling 20 Evasion (%) 50 Targeting Accuracy 5 Recoil Reduction 2 Offensive Hacking 10 Defensive Hacking 10 Relay Coupler Types 2 Relay Coupler Value 35 Item Schematics ----------------- None Robot Schematics ------------------ None Fabricated ------------ Nothing Alien Tech Used ----------------- None Achievements -------------- None Challenges ------------ None Game ------ Seed ScrapoidFlyingMonowheel Manual? 0 Play Time 01:15:17 Cumulative 1096.4 hours Start 2024.08.15 @ 18:33:08 End 2024.08.15 @ 19:45:08 Sessions 1 Manual Loads 0 Difficulty Rogue Special Mode None Game No. 556 Rogue 429 Adventurer 125 Explorer 2 Win Type - Total 131 Types 101/10/9/3/3/0/0/3/2 Lore% 63 Gallery% 84 Achievement% 84 Wizard Run 0 Options --------- Layout 0 ASCII 0 Keyboard 1 Movement Numpad Keybinds 0 Fullscreen 1 Font 36/Terminus++ Map View 83x50 Zoom Use 0% Tactical HUD 1 Map Filters NONE Filters NONE Steam 1 RUN: c0779fbd-4f17-4f34-9afb-44b9a00c1a90